 Dungeon Crawl Stone Soup version 0.28-a0-10-g964c8b8 (webtiles) character file.

Game seed: 1070626375639321227

224 Dorkslayer the Covered (level 6, -1/38 HPs)
             Began as a Gargoyle Fighter on July 25, 2021.
             Slain by an ogre (7 damage)
             ... on level 4 of the Dungeon.
             The game lasted 00:10:21 (3442 turns).

Dorkslayer the Covered (Gargoyle Fighter)           Turns: 3442, Time: 00:10:22

Health: -1/38      AC: 12    Str: 22    XL:     6   Next: 0%
Magic:  6/6        EV:  8    Int:  8    God:
Gold:   169        SH:  9    Dex:  9    Spells: 5/5 levels left

rFire   . . .      SeeInvis .   g - +3 falchion
rCold   . . .      Faith    .   c - +0 kite shield
rNeg    + . .      Spirit   .   b - +0 scale mail
rPois   ∞          Reflect  .   m - +0 helmet
rElec   +          Harm     .   (no cloak)
rCorr   .          Rampage  .   (no gloves)
Will    .....                   (no boots)
Stlth   ..........              (no amulet)
HPRegen 0.12/turn               (no ring)
MPRegen 0.10/turn               (no ring)

@: no status effects
A: sickness immunity, AC +4, negative energy resistance 1, electricity
resistance, torment resistance 1, petrification resistance
a: no special abilities


You were on level 4 of the Dungeon.
You visited 1 branch of the dungeon, and saw 4 of its levels.

You collected 169 gold pieces.

Inventory:

Hand Weapons
 a - a +0 long sword
 g - a +3 falchion (weapon)
Missiles
 l - 10 poisoned darts (quivered)
Armour
 b - a +0 scale mail (worn)
 c - a +0 kite shield (worn)
 m - a +0 helmet (worn)
Scrolls
 d - a scroll of noise {unknown}
 e - 2 scrolls of teleportation
 f - 3 scrolls of immolation {unknown}
 h - 2 scrolls of identify
 i - 2 scrolls of magic mapping {unknown}
 j - a scroll of amnesia
 k - 2 scrolls of summoning {unknown}
 n - a scroll of blinking {unknown}
Potions
 o - a potion of brilliance {unknown}
 p - a potion of curing {unknown}


   Skills:
 + Level 3.9 Fighting
 + Level 3.1 Long Blades
 + Level 4.6 Armour
 + Level 0.9 Dodging
 + Level 4.6 Shields


You had 5 spell levels left.
You didn't know any spells.
Your spell library contained the following spells:

 Spells                   Type           Power      Damage    Failure   Level
 Call Canine Familiar     Summ           0%         N/A       100%        3
 Portal Projectile        Hex/Tloc       0%         N/A       100%        3
 Leda's Liquefaction      Hex/Erth       0%         N/A       100%        4


Dungeon Overview and Level Annotations

Branches:
Dungeon (4/15)
 Temple: D:4-7

Altars:
Ru


Innate Abilities, Weirdness & Mutations

You are immune to sickness and miasma.
Your stone body is resilient. (AC +4)
You are immune to poison.
You resist negative energy. (rN+)
You are resistant to electric shocks. (rElec)
You are resistant to unholy torment.
You are immune to petrification.


Message History

You enter the shallow water.
Moving in this stuff is going to be slow.
You enter the shallow water.
Moving in this stuff is going to be slow.
Found 15 gold pieces.
You now have 169 gold pieces (gained 15).
Found a stone staircase leading down.
Found a stone staircase leading down.
Found a ring mail.
The ogre shouts!
Throw: 13 darts (poison)
Press: ? - help, Q - select action Shift-Dir - straight line, f - ogre
Aim: an ogre, wielding a +0 giant spiked club (71% to hit)
You throw a poisoned dart. The poisoned dart hits the ogre.
The ogre is poisoned.
Throw: 12 darts (poison)
Press: ? - help, Q - select action Shift-Dir - straight line, f/p - ogre
Aim: an ogre, wielding a +0 giant spiked club (lightly wounded, poisoned, 71% to hit)
You throw a poisoned dart. The poisoned dart hits the ogre.
The ogre looks even sicker.
The ogre is lightly wounded.
Throw: 11 darts (poison)
Press: ? - help, Q - select action Shift-Dir - straight line, f/p - ogre
Aim: an ogre, wielding a +0 giant spiked club (lightly wounded, very poisoned, 71% to hit)
You throw a poisoned dart. The poisoned dart hits the ogre.
The ogre looks even sicker.
The ogre is lightly wounded.
Your shield and scale mail prevent you from hitting the ogre.
The ogre is lightly wounded.
The ogre hits you with a +0 giant spiked club!!
Ouch! That really hurt!
You hit the ogre.
The ogre is moderately wounded.
The ogre hits you with a +0 giant spiked club!
* * * LOW HITPOINT WARNING * * *
Okay, then.
You slash the ogre!
The ogre is severely wounded.
The ogre hits you with a +0 giant spiked club!
You die...

. ..# ....
###
#...###.##
#...((O@.#
#.[.....##
##......###
##.......#
...>.....##
..#.......#
..>.......#
.......^..#
..#......###


You could see an ogre (very poisoned).

Vanquished Creatures
  A hound (D:4)
  Jessica (D:2)
  Natasha (D:2)
  Robin (D:2)
  3 adders
  An ufetubus (D:2)
  A worm (D:2)
  A dart slug (D:2)
  5 orcs
  8 endoplasms
  2 giant cockroaches
  14 goblins
  7 hobgoblins
  14 jackals
  4 kobolds
  3 quokkas
  5 ball pythons
  2 bats
  2 frilled lizards
  A quokka zombie (D:2)
  4 rats
81 creatures vanquished.

Vanquished Creatures (others)
  2 plants (D:1)
  4 withered plants (D:2)
6 creatures vanquished.

Grand Total: 87 creatures vanquished

Notes
Turn   | Place    | Note
-------+----------+-------------------------------------------
     0 | D:1      | Dorkslayer the Gargoyle Fighter began the quest for the
                  | Orb.
     0 | D:1      | Reached XP level 1. HP: 14/14 MP: 1/1
   251 | D:1      | Reached XP level 2. HP: 7/19 MP: 2/2
   560 | D:1      | Found a faded altar of an unknown god.
  1164 | D:2      | You fall into a shaft and drop 1 floor!
  1333 | D:2      | Reached XP level 3. HP: 23/23 MP: 3/3
  1622 | D:2      | You fall into a shaft and drop 2 floors!
  1625 | D:4      | Noticed an ogre
  1874 | D:2      | Reached XP level 4. HP: 15/28 MP: 4/4
  1875 | D:2      | Noticed Natasha
  1897 | D:2      | Killed Natasha
  1924 | D:2      | Noticed Jessica
  1931 | D:2      | Killed Jessica
  1932 | D:2      | Reached XP level 5. HP: 5/33 MP: 5/5
  1953 | D:2      | Found a sacrificial altar of Ru.
  2637 | D:2      | Noticed Robin
  2700 | D:2      | Killed Robin
  3352 | D:4      | Reached XP level 6. HP: 35/38 MP: 6/6
  3442 | D:4      | Slain by an ogre

Illustrated notes

Levels and vault maps discovered:
D:1:      nagdon_arrival_double_spiral, layout_basic,
          chequers_ecumenical_altar_lobes
D:2:      layout_basic, basic_altar, serial_undead, serial_undead_c,
          serial_undead_e, serial_undead_c, serial_undead_a, serial_undead_c,
          serial_undead_f, uniq_jessica, uniq_robin, uniq_natasha
D:3:      layout_loops_ring, bh_walls_and_bars
D:4:      layout_cave_pools, serial_rivers, chequers_serial_rivers_micro_e,
          chequers_serial_rivers_micro_b, chequers_serial_rivers_small_a,
          chequers_serial_rivers_micro_c, chequers_serial_rivers_micro_a,
          chequers_serial_rivers_small_3

Skill      XL: |  1  2  3  4  5 |
---------------+----------------+-----
Long Blades    | 2 3 |  3.1
Armour         | 4 |  4.6
Shields        | 4 |  4.6
Fighting       | |  3.9
Dodging        | |  0.9

Action                   |  1- 3 |  4- 6 || total
-------------------------+-------+-------++-------
Melee: Long sword        |    26 |       ||    26
       Falchion          |    77 |   123 ||   200
Throw: Dart              |       |     4 ||     4
  Use: Scroll            |       |     2 ||     2
       Potion            |       |     2 ||     2
Armor: Scale mail        |    41 |    77 ||   118
Dodge: Dodged            |    31 |    41 ||    72
Block: Kite shield       |    56 |    76 ||   132
       Rpst.: Falchion   |     3 |    14 ||    17
       Long sword        |     1 |       ||     1

Table legend: (Time is in decaauts)
 A = Elapsed time spent in this place.
 B = Non-inter-level travel time spent in this place.
 C = Inter-level travel time spent in this place.
 D = Time resting spent in this place.
 E = Time spent auto-exploring this place.
 F = Levels seen in this place.
 G = Mean time per level.
                   A        B        C        D        E       F      G
               +--------+--------+--------+--------+--------+-----+--------+
         Total |   3537 |   3517 |     20 |     34 |   1299 |   4 |  884.2 |
       Dungeon |   3537 |   3517 |     20 |     34 |   1299 |   4 |  884.2 |
               +--------+--------+--------+--------+--------+-----+--------+

Top non-repeatable levels by time:
     D:2: 1422 daAuts
     D:1: 1177 daAuts
     D:3: 824 daAuts
     D:4: 112 daAuts
